 Dungeon Crawl Stone Soup version 0.30-a0-883-g5ad918d77d (webtiles) character file.

Game seed: 3841304639475258092

101 Pimp the Sneak (level 4, -2/27 HPs)
             Began as an Octopode Fire Elementalist on Mar 17, 2023.
             Killed from afar by an orc wizard (6 damage)
             ... with a magic dart
             ... on level 3 of the Dungeon.
             The game lasted 00:07:11 (2604 turns).

Pimp the Sneak (Octopode Fire Elementalist)         Turns: 2604, Time: 00:07:13

Health: -2/27      AC:  1    Str:  7    XL:     4   Next: 75%
Magic:  7/7        EV: 13    Int: 25    God:
Gold:   107        SH:  0    Dex: 12    Spells: 4/8 levels left

rFire   . . .      SeeInvis .    k - +2 dagger (venom)
rCold   . . .      Faith    .    (no shield)
rNeg    . . .      Spirit   .    (helmet restricted)
rPois   .          Reflect  .    n - amulet of magic regeneration
rElec   .          Rampage  .    g - +6 ring of intelligence
rCorr   .                        (no ring)
Will    .....                    (no ring)
Stlth   ++                       (no ring)
HPRegen 0.24/turn                (no ring)
MPRegen 0.50/turn                (no ring)
                                 (no ring)
                                 (no ring)

@: confused, invisible
A: almost no armour, amphibious, 8 rings, camouflage 1, gelatinous body 1,
(nimble swimmer 1), tentacles
a: no special abilities


You were on level 3 of the Dungeon.
You visited 1 branch of the dungeon, and saw 4 of its levels.

You collected 107 gold pieces.

Inventory:

Hand Weapons
 k - a +2 dagger of venom (weapon)
 l - a +1 dagger of protection
Missiles
 h - a poisoned dart (quivered)
 m - 6 javelins
Jewellery
 g - a +6 ring of intelligence (left tentacle)
 n - an amulet of magic regeneration (around mantle)
Wands
 d - a wand of iceblast (9)
Scrolls
 c - 2 scrolls of amnesia
Potions
 a - a potion of magic
 b - a potion of heal wounds {unknown}
 i - 3 potions of haste
 o - a potion of cancellation


   Skills:
 + Level 2.7 Dodging
 + Level 3.8 Stealth
 + Level 2.6 Spellcasting
 + Level 2.0 Conjurations
 + Level 3.5 Fire Magic


You had 4 spell levels left.
You knew the following spells:

 Your Spells              Type           Power      Damage    Failure   Level
a - Foxfire               Conj/Fire      68%        2x1d7     3%          1
b - Ignite Poison         Fire/Tmut/Pois 9%         N/A       19%         3

Your spell library contained the following spells:

 Spells                   Type           Power      Damage    Failure   Level
 Scorch                   Fire           42%        2d7       3%          2
 Inner Flame              Hex/Fire       12%        N/A       16%         3
 Kindle Blastsparks       Fire/Tloc/Air  18%        2d11      19%         3
 Flame Wave               Conj/Fire      17%        2d7       32%         4
 Sticky Flame             Conj/Fire      17%        2d4       32%         4
 Ignition                 Fire           10%        3d5       100%        8


Dungeon Overview and Level Annotations

Branches:
Dungeon (4/15)
 Temple: D:4-7

Altars:

Annotations:
D:3 Grinder


Innate Abilities, Weirdness & Mutations

You cannot wear most types of armour.
You are amphibious.
You can wear up to eight rings at the same time.
Your skin changes colour to match your surroundings (Stealth+).
Your rubbery body absorbs attacks. (AC +1, EV +1)
((You are camouflaged when in or above water. (Stealth+)))
You have tentacles for arms and can constrict up to eight enemies at once.


Message History

Things that are here:
a +1 dagger of speed; a +0 leather armour You closely miss the orc wizard.
The orc shouts! x2
Your grab misses the orc wizard.
The orc wizard hits you with a +0 dagger.
You hit the orc wizard. Your grab misses the orc wizard.
You squeeze the orc wizard, but do no damage.
The orc wizard is moderately wounded.
The orc wizard mumbles some strange words.
The orc wizard flickers and vanishes!
Deactivating autopickup; reactivate with Ctrl-A.
You barely miss something. Something hits you.
A goblin comes into view. It is wielding a +0 club.
Okay, then.
You miss something.
An orc comes into view.
It is wielding a +2 war axe of electrocution.
Something hits you.
You hear some strange, mumbled words.
Something tries to affect you, but you resist.
You completely miss the orc. Your grab misses the orc.
The orc barely misses you. Something hits you.
Something hits you but does no damage.
You hit the orc.
The orc is poisoned.
Your grab misses the orc.
The orc is heavily wounded.
The orc hits you with a +0 flail.
You hear some strange, mumbled words.
You are confused.
You're too confused to cast spells.
You're too confused to move!
The orc barely misses you. Something completely misses you.
You are too confused!
Unknown command.
You fade into invisibility!
The orc hits you with a +0 flail!
* * * LOW HITPOINT WARNING * * *
You hear some strange, mumbled words.
A magic dart appears from out of thin air!
The magic dart hits you.
You die...

********.........##.##...........
*.og.........##........... ##
*..........####........... .#
*.......)>................ .#
*.....o....####...)....... .#
*.......o.....#...........
o###############o................
.(.....(.......{o#)#.##...[......
.###############@#†#..#..........
.# #........#.#.####### .#
#........#.#.# ##### .#
#........#.#.# #.... .#
#.......##.#.# #.### ##
#.......'..#.# #.# #.......####.#
#.# #.......# #.# #.# #.......#
#.# #.#


You could see 3 orcs.

Vanquished Creatures
  4 adders
  2 worms
  A dart slug (D:3)
  2 orcs (D:3)
  5 ball pythons
  5 endoplasms
  2 giant cockroaches
  4 goblins
  9 hobgoblins
  4 quokkas
  4 bats
  2 frilled lizards
  2 kobolds
  6 rats
52 creatures vanquished.

Vanquished Creatures (others)
  56 foxfires
56 creatures vanquished.

Grand Total: 108 creatures vanquished

Notes
Turn   | Place    | Note
-------+----------+-------------------------------------------
     0 | D:1      | Pimp the Octopode Fire Elementalist began the quest for the
                  | Orb.
     0 | D:1      | Reached XP level 1. HP: 11/11 MP: 3/3
   386 | D:1      | Reached XP level 2. HP: 17/17 MP: 5/5
  1083 | D:2      | Reached XP level 3. HP: 15/21 MP: 1/6
  1934 | D:3      | Reached XP level 4. HP: 21/27 MP: 7/7
  2134 | D:3      | Learned a level 3 spell: Ignite Poison
  2191 | D:3      | Noticed Grinder
  2604 | D:3      | Killed from afar by an orc wizard

Illustrated notes

Levels and vault maps discovered:
D:1:      elethiomel_arrival_infinity_welcomes_careful_drivers,
          layout_loops_ring, chequers_mini_garden
D:2:      layout_basic
D:3:      layout_basic, minivault_25, minmay_joined_circles, uniq_grinder
D:4:      layout_basic, chequers_serial_rivers_micro_a,
          kennysheep_cross_bottleneck

Skill      XL: |  1  2  3  4 |
---------------+-------------+-----
Stealth        | 3 |  3.8
Conjurations   | 2 |  2.0
Dodging        | |  2.7
Spellcasting   | |  2.6
Fire Magic     | |  3.5

Action                     |  1- 3 |  4- 6 || total
---------------------------+-------+-------++-------
  Melee: Unarmed           |    45 |       ||    45
         Constrict         |    21 |    10 ||    31
         Tentacles         |    10 |     6 ||    16
         Punch             |     1 |     2 ||     3
         Dagger            |    21 |    35 ||    56
  Throw: Dart              |     7 |     5 ||    12
   Cast: Foxfire           |    22 |    15 ||    37
         Ignite Poison     |       |     1 ||     1
    Use: Scroll            |    10 |     3 ||    13
         Potion            |       |     2 ||     2
   Stab: Sleeping          |    11 |     2 ||    13
 Armour: Skin              |    11 |     4 ||    15
  Dodge: Dodged            |    41 |    15 ||    56

Table legend: (Time is in decaauts)
 A = Elapsed time spent in this place.
 B = Non-inter-level travel time spent in this place.
 C = Inter-level travel time spent in this place.
 D = Time resting spent in this place.
 E = Time spent auto-exploring this place.
 F = Levels seen in this place.
 G = Mean time per level.
                   A        B        C        D        E       F      G
               +--------+--------+--------+--------+--------+-----+--------+
         Total |   2602 |   2491 |    111 |    374 |   1449 |   4 |  650.5 |
       Dungeon |   2602 |   2491 |    111 |    374 |   1449 |   4 |  650.5 |
               +--------+--------+--------+--------+--------+-----+--------+

Top non-repeatable levels by time:
     D:2: 972 daAuts
     D:1: 889 daAuts
     D:3: 596 daAuts
     D:4: 144 daAuts
